Map: Turbo Cruise '84 LE

Players

Gerald

  • Race: Protoss Protoss
  • Spawn Location: 7:00

Nerchio - Winner!

  • Race: Zerg Zerg
  • Spawn Location: 3:00

Event: 2019 WCS Summer

VOD

Have the link to the VOD?

Description

Time

  • Played on: July 13, 2019, 6:38 a.m.
  • Length: 13:36

All games in this series

Show
View Real Time Build Order
Export as new Build Order

Gerald Protoss 

Build Orders: 1 Gate Expand, Archon Immortal, Archon Drop, Dark Templar Rush 

Get SALT Encoding   

  12  0:00  Probe  
  13  0:12  Probe  
  14  0:19  Pylon  
  14  0:24  Probe  
  14  0:28  Assimilator  
  15  0:36  Probe  
  16  0:44  Probe, Gateway  
  17  0:52  Probe  
  18  1:03  Probe  
  19  1:15  Probe  
  20  1:24  Nexus  
  20  1:33  Cybernetics Core  
  20  1:38  Probe  
  21  1:45  Assimilator  
  21  1:50  Probe  
  21  1:53  Pylon  
  22  2:01  Adept  
  22  2:02  Probe  
  23  2:14  Probe  
  26  2:17  Twilight Council  
  26  2:18  Warp Gate  
  26  2:25  Stalker  
  26  2:26  Probe  
  27  2:36  Probe  
  30  2:38  Probe  
  30  2:48  Probe  
  30  2:51  Probe  
  32  2:54  Gateway  
  32  3:00  Probe  
  32  3:03  Probe  
  32  3:05  Robotics Facility  
  35  3:12  Probe  
  35  3:15  Gateway  
  35  3:21  Probe  
  35  3:25  Probe  
  35  3:26  Dark Shrine  
  37  3:33  Probe  
  38  3:37  Probe  
  39  3:42  Pylon  
  39  3:45  Probe, Warp Prism  
  39  3:48  Gateway  
  40  3:50  Assimilator  
  42  3:57  Probe  
  42  3:58  Probe  
  42  4:01  Assimilator  
  44  4:09  Probe  
  45  4:20  Warp Prism  
  45  4:28  Probe  
  45  4:29  Probe  
  49  4:35  Pylon  
  47  4:42  Dark Templar x3  
  47  4:45  Probe  
  54  4:48  Pylon  
  54  4:53  Probe  
  55  5:03  Probe  
  55  5:06  Gateway  
  56  5:08  Dark Templar, Gateway  
  56  5:11  Pylon  
  58  5:15  Probe  
  59  5:32  Dark Templar x3  
  59  5:33  Charge  
  65  5:43  Probe, Immortal  
  65  5:46  Archon  
  65  5:47  Archon  
  66  5:50  Archon, Dark Templar  
  66  5:56  Archon, Pylon  
  72  5:59  Probe, Gateway  
  72  6:01  Gateway  
  73  6:06  Zealot x2  
  77  6:15  Zealot  
  77  6:17  Pylon  
  79  6:22  Immortal  
  83  6:28  Dark Templar  
  85  6:34  Nexus  
  85  6:37  Pylon  
  85  6:42  Dark Templar x2  
  85  6:46  Dark Templar  
  91  6:51  Pylon  
  91  6:58  Observer  
  91  7:01  Dark Templar  
  91  7:02  Zealot x2  
  91  7:03  Zealot  
  100  7:09  Immortal  
  100  7:11  Archon  
  100  7:12  Zealot, Archon  
  102  7:33  Zealot x4  
  108  7:39  Zealot x3  
  98  7:49  Zealot  
  88  7:57  Zealot x4  
  92  8:09  Zealot x4  
  97  8:18  Zealot x3  
  97  8:39  Sentry x5  
  97  8:40  Zealot x3  
  90  9:19  Dark Templar x2  
  90  9:20  Zealot x3, Dark Templar x3  
  96  9:27  Immortal  
  96  9:29  Archon x2  
  96  9:41  Zealot x2, Dark Templar  
  102  9:49  Archon  
  102  9:50  Zealot x2  
  102  9:58  Zealot x3  
  106  10:05  Zealot  
  106  10:06  Zealot  
  82  10:17  Dark Templar x2  
  85  10:29  Dark Templar x2  
  85  10:34  Dark Templar  
  85  10:35  Archon  
  91  10:45  Archon  
  91  10:46  Zealot x2, Dark Templar  
  97  10:50  Archon  
  97  10:59  Dark Templar x2  
  101  11:05  Archon  
  101  11:20  Zealot x4  
  101  11:22  Sentry x2  
  112  11:31  Dark Templar  
  84  12:07  Dark Templar x4  
  84  12:08  Zealot x3  
  92  12:11  Archon x2  
  62  12:47  Probe x2, Immortal  
  62  12:48  Probe  
  69  13:01  Dark Templar x2  
  69  13:02  Dark Templar x2  
  76  13:06  Archon x2  
  76  13:11  Dark Templar  
Show
View Real Time Build Order
Export as new Build Order

Nerchio Zerg - Winner!

Build Orders: Hatch First 

Get SALT Encoding   

  12  0:00  Drone  
  13  0:12  Overlord  
  13  0:17  Drone  
  14  0:30  Drone x2  
  16  0:49  Hatchery  
  15  0:52  Drone  
  15  0:56  Drone  
  17  0:59  Drone  
  18  1:08  Extractor  
  17  1:15  Spawning Pool  
  16  1:20  Drone  
  16  1:23  Drone  
  18  1:28  Drone  
  19  1:38  Drone  
  20  1:48  Overlord  
  20  2:01  Queen  
  20  2:02  Queen  
  20  2:03  Zergling x2  
  20  2:07  Zergling x2  
  26  2:13  Metabolic Boost  
  26  2:16  Drone  
  26  2:18  Drone  
  28  2:23  Drone  
  28  2:25  Drone  
  30  2:43  Hatchery  
  29  2:44  Drone  
  29  2:47  Drone  
  29  2:50  Drone  
  32  2:55  Overlord  
  32  3:02  Queen  
  34  3:05  Drone  
  34  3:07  Drone  
  36  3:15  Drone x3  
  36  3:17  Drone  
  40  3:23  Lair  
  40  3:26  Drone  
  41  3:29  Overlord  
  41  3:34  Overlord  
  41  3:37  Drone  
  42  3:42  Roach Warren  
  42  3:48  Drone, Extractor  
  40  3:49  Drone x2  
  43  3:56  Drone  
  43  3:57  Drone  
  43  3:59  Drone x3  
  49  4:02  Zergling x2  
  49  4:07  Zergling x2  
  49  4:08  Zergling x2  
  51  4:14  Overlord  
  51  4:15  Extractor  
  50  4:21  Spore Crawler  
  50  4:22  Overseer  
  50  4:23  Roach x2  
  55  4:24  Roach  
  55  4:28  Roach  
  55  4:29  Overlord  
  57  4:35  Roach  
  57  4:36  Roach x2  
  62  4:40  Glial Reconstitution  
  62  4:45  Overseer  
  62  4:46  Overlord  
  62  4:50  Drone x4  
  66  4:56  Roach x2  
  70  5:04  Drone x5  
  75  5:08  Roach  
  75  5:10  Roach  
  79  5:15  Evolution Chamber  
  79  5:16  Roach  
  79  5:18  Overlord  
  80  5:22  Overlord  
  80  5:35  Spore Crawler  
  79  5:40  Roach x5  
  89  5:44  Drone x3, Extractor  
  89  5:46  Overlord x2  
  91  5:50  Overseer  
  91  5:55  Drone x3, Overseer  
  94  6:02  Roach  
  96  6:17  Roach  
  96  6:18  Roach x8  
  114  6:26  Overlord x3  
  114  6:28  Overlord  
  114  6:34  Nydus Network  
  112  6:46  Roach  
  124  6:47  Roach x5  
  124  6:56  Roach  
  124  6:57  Roach x4  
  132  7:06  Roach x3  
  132  7:08  Overlord x2  
  138  7:15  Nydus Canal  
  138  7:24  Overlord x2  
  128  7:35  Roach x9  
  144  7:39  Roach  
  144  7:40  Roach x2  
  144  7:44  Roach  
  146  7:45  Roach  
  146  7:49  Roach x2  
  134  7:52  Roach  
  134  7:53  Roach  
  134  7:57  Roach x2  
  122  8:01  Roach  
  122  8:02  Roach  
  118  8:06  Roach x2  
  122  8:15  Roach x3  
  122  8:17  Roach x2  
  132  8:23  Roach  
  134  8:29  Roach  
  134  8:30  Roach  
  134  8:34  Roach  
  134  8:39  Roach  
  134  8:40  Roach x4  
  144  8:45  Ravager x2  
  144  8:46  Ravager x2  
  144  8:47  Zergling x2  
  144  8:48  Zergling x6  
  152  8:53  Overseer  
  153  8:55  Ravager  
  153  9:09  Roach x5  
  146  9:26  Roach x3  
  146  9:31  Hatchery  
  146  9:36  Zergling x6  
  146  9:37  Overlord  
  148  9:41  Nydus Canal  
  148  9:42  Overlord  
  148  9:44  Zerg Missile Weapons Level 1  
  148  9:50  Overseer  
  148  9:51  Overseer  
  148  10:04  Roach  
  148  10:05  Roach  
  148  10:06  Roach  
  148  10:07  Roach x2  
  132  10:08  Roach  
  103  10:14  Roach  
  103  10:15  Roach  
  103  10:18  Roach  
  101  10:22  Roach  
  101  10:24  Roach  
  103  10:29  Roach  
  105  10:38  Roach x3  
  105  10:40  Roach  
  113  10:45  Drone x2  
  115  10:50  Ravager  
  116  11:04  Drone x4  
  117  11:05  Drone  
  117  11:06  Drone  
  117  11:08  Drone, Hatchery  
  117  11:10  Drone  
  123  11:11  Drone  
  123  11:15  Baneling Nest  
  123  11:18  Ravager x2  
  123  11:19  Ravager x2  
  123  11:21  Roach  
  129  11:26  Roach  
  129  11:27  Roach x2  
  129  11:31  Roach  
  121  11:47  Roach  
  121  11:48  Roach x7  
  127  12:01  Roach x5  
  129  12:08  Roach  
  129  12:09  Roach  
  129  12:14  Roach x2  
  137  12:17  Roach  
  134  12:31  Roach x3  
  134  12:32  Roach  
  121  12:40  Roach x2  
  121  12:41  Roach  
  121  12:42  Roach  
  121  12:43  Roach  
  112  12:46  Roach  
  116  12:51  Roach x2  
  116  12:55  Roach  
  120  13:00  Roach  
  120  13:01  Roach  
  124  13:12  Hatchery  
Tags
 
Add a new tag
Caveats
  • Supply blocks, unpowered buildings, or Contaminate may cause inaccurate times.
  • Supply counts are checked every 10 seconds.